 Dungeon Crawl Stone Soup version 0.29-a0-1039-gfc20370e89 (webtiles) character file.

Game seed: 19779246414865676

740 Plasmagod the Cleaver (level 7, -12/57 HPs)
             Began as a Minotaur Fighter on Aug 15, 2022.
             Mangled by an orc warrior
             ... wielding a +0 hand axe
              (14 damage)
             ... on level 5 of the Dungeon.
             The game lasted 00:05:21 (5181 turns).

Plasmagod the Cleaver (Minotaur Fighter)            Turns: 5181, Time: 00:05:22

Health: -12/57     AC: 10    Str: 23    XL:     7   Next: 46%
Magic:  6/6        EV:  9    Int:  5    God:
Gold:   261        SH:  4    Dex:  9    Spells: 6/6 levels left

rFire   . . .      SeeInvis .   a - +0 war axe
rCold   . . .      Faith    .   c - +0 buckler
rNeg    . . .      Spirit   .   b - +0 scale mail
rPois   .          Reflect  .   (helmet restricted)
rElec   .          Harm     .   (no cloak)
rCorr   .          Rampage  .   q - +0 pair of gloves
Will    .....                   p - +1 pair of boots {Stlth+}
Stlth   +.........              (no amulet)
HPRegen 0.19/turn               (no ring)
MPRegen 0.10/turn               (no ring)

@: no status effects
A: horns 2, retaliatory headbutt
a: no special abilities


You were on level 5 of the Dungeon.
You visited 1 branch of the dungeon, and saw 5 of its levels.
You also visited: Sewer.

You collected 261 gold pieces.

Inventory:

Hand Weapons
 a - a +0 war axe (weapon)
Missiles
 n - 6 datura-tipped darts (quivered)
Armour
 b - a +0 scale mail (worn)
 c - a +0 buckler (worn)
 p - a +1 pair of boots of stealth (worn)
 q - a +0 pair of gloves (worn)
Scrolls
 e - 2 scrolls of immolation {unknown}
 f - 4 scrolls of fog {unknown}
 j - 2 scrolls of identify {unknown}
 l - a scroll of amnesia {unknown}
 o - a scroll of magic mapping {unknown}
 t - 3 scrolls of teleportation {unknown}
 v - 2 scrolls of fear {unknown}
Potions
 d - a potion of might
 g - 2 potions of lignification {unknown}
 h - 3 potions of attraction {unknown}
 i - 4 potions of brilliance {unknown}
 k - 3 potions of haste {unknown}
 m - a potion of degeneration {unknown}
 r - 2 potions of magic {unknown}
 s - 2 potions of flight {unknown}
 u - 2 potions of heal wounds {unknown}
 w - a potion of invisibility {unknown}
 x - a potion of curing {unknown}


   Skills:
 - Level 3.6 Fighting
 + Level 10.2 Axes
 - Level 3.6 Armour
 - Level 3.6 Shields


You had 6 spell levels left.
You didn't know any spells.
Your spell library contained the following spells:

 Spells                   Type           Power      Damage    Failure   Level
 Gell's Gravitas          Tloc           0%         N/A       99%         3
 Lesser Beckoning         Tloc           0%         N/A       99%         3
 Teleport Other           Tloc           0%         N/A       99%         3
 Summon Forest            Summ/Tloc      0%         N/A       100%        5
 Summon Mana Viper        Hex/Summ       0%         N/A       100%        5
 Summon Cactus Giant      Summ           0%         N/A       100%        6


Dungeon Overview and Level Annotations

Branches:
Dungeon (5/15)              Sewer (visited)
 Temple: D:4-7

Altars:
Gozag
Wu Jian
Xom


Innate Abilities, Weirdness & Mutations

You have a pair of horns on your head.
You reflexively headbutt those who attack you in melee.


Message History

You hit the orc priest. The orc priest hits you with a +0 club.
The orc warrior hits you with a +0 hand axe!
You hit the orc warrior. You headbutt the orc warrior!
The orc warrior is almost dead.
You hit the orc priest.
The orc priest mumbles some strange prayers to Beogh against you.
You struggle to resist.
The orc warrior hits you but does no damage.
You barely miss the orc warrior.
The orc warrior is almost dead.
You closely miss the orc priest.
The orc priest casts a cantrip, but nothing happens.
The orc warrior hits you but does no damage.
You closely miss the orc warrior.
The orc warrior is almost dead.
You slash the orc priest!
The orc priest hits you but does no damage.
The orc warrior hits you with a +0 hand axe!
You hit the orc warrior but do no damage.
The orc warrior is almost dead.
You hit the orc priest but do no damage.
The orc priest invokes the aid of Beogh against you.
Pain shoots through your body!
The orc warrior hits you with a +0 hand axe!
* * * LOW HITPOINT WARNING * * *
You hit the orc warrior but do no damage.
The orc warrior is almost dead.
You hit the orc priest.
You kill the orc priest!
The orc warrior hits you with a +0 hand axe!
* * * LOW HITPOINT WARNING * * *
You closely miss the orc warrior. You headbutt the orc warrior.
The orc warrior is almost dead.
You closely miss the ice beast. The orc warrior misses you.
The ice beast hits you but does no damage.
You hit the orc warrior but do no damage.
The orc warrior is almost dead.
You closely miss the ice beast.
The orc warrior hits you with a +0 hand axe!
You die...

.....## .......
....... .......##
........# ........#
......oY##
.....?.@.#
#######..#
##.########
#..##....##
##.#......##
########.........##
...........<......#
..................#
.#####............#


You could see an orc warrior and an ice beast.

Vanquished Creatures
  An ice beast (D:4)
  An ogre (D:4)
  2 kobold brigands (Sewer)
  3 orc priests
  Natasha (thrice) (D:3)
  An orc wizard (D:4)
  3 gnolls (D:3)
  5 adders
  3 river rats
  5 worms
  4 dart slugs
  6 orcs
  13 ball pythons
  10 endoplasms
  5 giant cockroaches
  8 goblins
  11 hobgoblins
  4 jackals (D:4)
  13 kobolds
  3 quokkas (D:1)
  5 bats
  3 frilled lizards
  11 rats
123 creatures vanquished.

Notes
Turn   | Place    | Note
-------+----------+-------------------------------------------
     0 | D:1      | Plasmagod the Minotaur Fighter began the quest for the Orb.
     0 | D:1      | Reached XP level 1. HP: 19/19 MP: 0/0
   138 | D:1      | Reached skill level 3 in Axes
   273 | D:1      | Reached XP level 2. HP: 10/26 MP: 1/1
   739 | D:1      | Reached skill level 4 in Axes
   739 | D:1      | Found a faded altar of an unknown god.
   857 | D:1      | Reached XP level 3. HP: 28/31 MP: 2/2
  1443 | D:3      | Reached skill level 5 in Axes
  1546 | D:3      | Noticed Natasha
  1553 | D:3      | Killed Natasha
  1554 | D:3      | Reached XP level 4. HP: 27/39 MP: 3/3
  2081 | D:3      | Reached skill level 6 in Axes
  2209 | D:3      | Reached XP level 5. HP: 9/45 MP: 4/4
  2647 | D:3      | Noticed Natasha
  2653 | D:3      | Killed Natasha
  3246 | D:3      | Noticed Natasha
  3264 | D:3      | Killed Natasha
  3265 | D:3      | Reached skill level 7 in Axes
  3271 | D:4      | Found a glowing drain.
  3288 | Sewer    | Entered a sewer
  3389 | Sewer    | Reached XP level 6. HP: 36/51 MP: 5/5
  3604 | Sewer    | Reached skill level 8 in Axes
  4448 | D:4      | Noticed an ice beast
  4462 | D:4      | Killed an ice beast
  4463 | D:4      | Reached skill level 9 in Axes
  4482 | D:4      | Found an opulent altar of Gozag.
  4489 | D:4      | Reached XP level 7. HP: 57/57 MP: 6/6
  4563 | D:4      | Found an ornate altar of the Wu Jian Council.
  4570 | D:4      | Noticed a spectral centipede
  4570 | D:4      | Noticed a spectral black mamba
  4570 | D:4      | Noticed a spectral cane toad
  4945 | D:4      | Found a shimmering altar of Xom.
  4989 | D:4      | Reached skill level 10 in Axes
  5119 | D:5      | Entered Level 5 of the Dungeon
  5179 | D:5      | HP: 1/57 [orc warrior/+0 hand axe (8)]
  5181 | D:5      | Mangled by an orc warrior

Illustrated notes

Levels and vault maps discovered:
D:1:      giann_horns, layout_basic, nicolae_ecumenical_snake_handling,
          minmay_tetromino_s4
D:2:      layout_rooms, hangedman_decor_riveting
D:3:      layout_basic, hangedman_decor_push, hex_tiny,
          chequers_serial_rivers_micro_a, uniq_natasha
D:4:      layout_rooms, mainiacjoe_overflow_small_starburst,
          pdpol_wu_jian_five_deadly_venoms, mainiacjoe_overflow_alcove_2,
          portal_sewer_entry_b, minmay_stone_trees_medium,
          hangedman_feature_mirror
D:5:      layout_cave_pods, minmay_temple_entry_from_below_a

Skill      XL: |  1  2  3  4  5  6  7 |
---------------+----------------------+-----
Axes           | 3 4 5 6 7 9 10 | 10.2
Fighting       | |  3.6
Armour         | |  3.6
Shields        | |  3.6

Action                   |  1- 3 |  4- 6 |  7- 9 || total
-------------------------+-------+-------+-------++-------
Melee: War axe           |    95 |   195 |    45 ||   335
       Headbutt          |    10 |    25 |     5 ||    40
Armor: Scale mail        |    38 |    80 |    21 ||   139
Dodge: Dodged            |    48 |    68 |     7 ||   123
Block: Buckler           |    20 |    38 |     4 ||    62

Table legend: (Time is in decaauts)
 A = Elapsed time spent in this place.
 B = Non-inter-level travel time spent in this place.
 C = Inter-level travel time spent in this place.
 D = Time resting spent in this place.
 E = Time spent auto-exploring this place.
 F = Levels seen in this place.
 G = Mean time per level.
                   A        B        C        D        E       F      G
               +--------+--------+--------+--------+--------+-----+--------+
         Total |   5319 |   5282 |     37 |    759 |   3652 |   6 |  886.5 |
       Dungeon |   4423 |   4386 |     37 |    759 |   2982 |   5 |  884.6 |
         Sewer |    895 |    895 |      0 |      0 |    669 |   1 |  895.0 |
               +--------+--------+--------+--------+--------+-----+--------+

Top non-repeatable levels by time:
     D:3: 1907 daAuts
     D:1: 1039 daAuts
     D:4: 1007 daAuts
   Sewer: 895 daAuts
     D:2: 407 daAuts
     D:5: 62 daAuts
